 Dungeon Crawl Stone Soup version 0.19-a0-1886-gd64a0f0 (webtiles) character file.

56 Silkki the Conjurer (level 3, -6/27 HPs)
             Began as a Draconian Conjurer on Oct 15, 2016.
             Was an Initiate of Vehumet.
             Mangled by a scorpion (9 damage)
             ... on level 3 of the Dungeon.
             The game lasted 00:08:43 (1427 turns).

Silkki the Conjurer (Draconian Conjurer)            Turns: 1427, Time: 00:08:43

Health: -6/27      AC:  6    Str: 11    XL:     3   Next: 71%
Magic:  6/6        EV: 12    Int: 15    God:    Vehumet [......]
Gold:   122        SH:  0    Dex: 11    Spells: 2 memorised, 3 levels left

rFire  . . .     SeeInvis .     d - +2 spear (pierce)
rCold  . . .     Gourm    .     (armour unavailable)
rNeg   . . .     Faith    .     (no shield)
rPois  .         Spirit   .     (helmet restricted)
rElec  .         Dismiss  .     (no cloak)
rCorr  .         Reflect  .     (no gloves)
MR     .....     Harm     .     k - +0 pair of boots
Stlth  ++........               (no amulet)
                                (no ring)
                                (no ring)

@: lethally poisoned (-6 -> -11)
A: unfitting armour, cold-blooded, AC +5
a: Renounce Religion


You were on level 3 of the Dungeon.
You worshipped Vehumet.
Vehumet was noncommittal.
You were not hungry.

You visited 1 branch of the dungeon, and saw 3 of its levels.

You collected 122 gold pieces.

Inventory:

Hand Weapons
 c - a +0 whip
 d - a +2 spear of piercing (weapon)
Missiles
 e - 18 stones (quivered)
 j - 3 javelins
Armour
 k - a +0 pair of boots (worn)
Scrolls
 m - a scroll of blinking
 n - a scroll of enchant armour {unknown}
 r - a scroll of recharging {unknown}
 s - a scroll of fear
Potions
 g - 2 potions of mutation {unknown}
 i - 2 potions of heal wounds {unknown}
 o - a potion of haste {unknown}
 p - 2 potions of curing {unknown}
Books
 a - a book of Conjurations

   Spells                             Type                      Level
   a - Magic Dart                     Conjuration                  1
   b - Searing Ray                    Conjuration                  2
   c - Dazzling Spray                 Conjuration/Hexes            3
   d - Fulminant Prism                Conjuration/Hexes            4
   e - Iskenderun's Mystic Blast      Conjuration                  4
   f - Iskenderun's Battlesphere      Conjuration/Charms           5
Comestibles
 b - 3 bread rations


   Skills:
 * Level 0.9 Fighting
 - Level 1.7 Dodging
 + Level 2.3 Stealth
 * Level 2.3 Spellcasting
 * Level 4.8 Conjurations


You had 3 spell levels left.
You knew the following spells:

 Your Spells              Type           Power        Failure   Level  Hunger
a - Magic Dart            Conj           ###.         3%          1    #......
b - Searing Ray           Conj           ###...       6%          2    ###....


Dungeon Overview and Level Annotations

Branches:
Dungeon (3/15)

Altars:
Nemelex Xobeh
Vehumet
Yredelemnul
The Shining One


Innate Abilities, Weirdness & Mutations

Your plain brown scales are hard. (AC +5)
You cannot fit into any form of body armour.
You are cold-blooded and may be slowed by cold attacks.


Message History

The scorpion is moderately wounded.
You feel sick.
The scorpion stings you but does no damage.
* * * LOW HITPOINT WARNING * * *
You feel sick.
* * * LOW HITPOINT WARNING * * *
You feel sick.
* * * LOW HITPOINT WARNING * * *
You feel sick.
* * * LOW HITPOINT WARNING * * *
You feel sick.
* * * LOW HITPOINT WARNING * * *
You feel sick.
* * * LOW HITPOINT WARNING * * *
You feel sick.
* * * LOW HITPOINT WARNING * * *
You feel sick. The scorpion closely misses you.
There is a stone staircase leading up here.
The scorpion stings you!
You die...

#############
#@s.........#
###########.#
... .#.# .#.#
.# # .. ..


You could see a scorpion.

Vanquished Creatures
  2 adders (D:2)
  A worm (D:2)
  2 dart slugs (D:2)
  2 leopard geckos
  3 bats
  2 giant cockroaches (D:2)
  2 goblins
  4 hobgoblins
  4 kobolds
  A quokka (D:2)
  3 frilled lizards
  2 rats (D:2)
28 creatures vanquished.

Notes
Turn   | Place    | Note
-------+----------+-------------------------------------------
     0 | D:1      | Silkki the Draconian Conjurer began the quest for the Orb.
     0 | D:1      | Reached XP level 1. HP: 14/14 MP: 3/3
   300 | D:1      | Reached XP level 2. HP: 19/20 MP: 0/5
   567 | D:2      | Found a glowing golden altar of the Shining One.
   570 | D:2      | Found a sparkling altar of Nemelex Xobeh.
   573 | D:2      | Found a radiant altar of Vehumet.
   577 | D:2      | Became a worshipper of Vehumet
   678 | D:2      | Learned a level 2 spell: Searing Ray
   704 | D:2      | Found a basalt altar of Yredelemnul.
   804 | D:2      | Reached XP level 3. HP: 27/27 MP: 2/6
  1409 | D:3      | Noticed a scorpion
  1427 | D:3      | Mangled by a scorpion

Vault maps used:
D:1:      sevenhm_arrival_forest_fort_large_3, minmay_pentomino_r2
D:2:      yredelemnul_altar_generic, grunt_temple_overflow_diamond
D:3:      kennysheep_goblin_castle, kennysheep_generic_room_15

Skill      XL: |  1  2  3 |
---------------+----------+-----
Stealth        | 2 |  2.3
Fighting       | |  0.9
Dodging        | |  1.7
Spellcasting   | |  2.3
Conjurations   | |  4.8

Action                   || total
-------------------------++-------
Melee: Spear             ||    54
       Tailslap          ||     2
 Cast: Magic Dart        ||    23
  Use: Scroll            ||     3
 Stab: Sleeping          ||     5
  Eat: Chunk             ||     2
Armor: Skin              ||    16
Dodge: Dodged            ||    10
